 Dungeon Crawl Stone Soup version 0.31.0-4-g52a2dc7128 (webtiles) character file.

Game seed: 9003308025161890893

86 Descartes the Shield-Bearer (level 4, -3/37 HPs)
             Began as a Formicid Fighter on Jan 23, 2024.
             Incinerated by a bombardier beetle (7 damage)
             ... with a burning spray
             ... on level 3 of the Dungeon.
             The game lasted 00:02:35 (1784 turns).

Descartes the Shield-Bearer (Formicid Fighter)      Turns: 1784, Time: 00:02:36

Health: -3/37      AC:  9    Str: 23    XL:     4   Next: 78%
Magic:  4/4        EV:  9    Int:  7    God:
Gold:   63         SH:  5    Dex: 13    Spells: 3/3 levels left

rFire   . . .        a - +0 war axe
rCold   . . .        c - +0 buckler
rNeg    . . .        b - +0 scale mail
rPois   .            (helmet unavailable)
rElec   .            (no cloak)
rCorr   .            g - +0 pair of gloves
SInv    +            e - +0 pair of boots
Will    .....        (no amulet) Stlth
                     (no ring)
HPRegen 0.26/turn    (no ring)
MPRegen 0.09/turn

%: no passive effects
@: on fire, glowing
A: permanent stasis, dig shafts and tunnels, antennae 3, four strong arms
a: Dig, Shaft Self


You were on level 3 of the Dungeon.
You visited 1 branch of the dungeon, and saw 3 of its levels.

You collected 63 gold pieces.

Inventory:

Hand Weapons
 a - a +0 war axe (weapon)
Armour
 b - a +0 scale mail (worn)
 c - a +0 buckler (worn)
 e - a +0 pair of boots (worn)
 g - a +0 pair of gloves (worn)
Wands
 o - a wand of charming (8)
Scrolls
 h - a scroll of revelation {unknown}
 p - a scroll of identify {unknown}
 q - a scroll of fear {unknown}
Potions
 d - a potion of might
 f - 2 potions of curing {unknown}
 i - a potion of mutation {unknown}
 j - a potion of magic {unknown}
 k - a potion of enlightenment {unknown}
 l - a potion of attraction {unknown}
 m - a potion of haste {unknown}
 n - a potion of berserk rage {unknown}


   Skills:
 + Level 3.9 Fighting
 + Level 2.6 Axes
 + Level 3.8 Armour
 + Level 4.7 Shields
 + Level 1.9 Earth Magic


You had 3 spell levels left.
You didn't know any spells.
Your spell library contained the following spells:

 Spells                   Type           Power      Damage    Failure   Level
 Kiss of Death            Conj/Necr      0%         2d5       80%         1
 Summon Small Mammal      Summ           0%         N/A       80%         1
 Call Canine Familiar     Summ           0%         N/A       99%         3
 Confusing Touch          Hex            0%         N/A       99%         3
 Dispel Undead            Necr           0%         3d6       100%        4
 Summon Blazeheart Golem  Fire/Summ      0%         N/A       100%        4


Dungeon Overview and Level Annotations

Branches:
Dungeon (3/15)

Altars:

Shops:
D:2 :


Innate Abilities, Weirdness & Mutations

You cannot be hasted, slowed, berserked, paralysed or teleported.
You can dig through walls and to a lower floor.
You have a pair of large antennae on your head. (SInv)
Your four strong arms can wield two-handed weapons with a shield.


Message History

The liquid fire burns you!
The bombardier beetle barely misses you.
You hit the bombardier beetle but do no damage.
The bombardier beetle is severely wounded.
The liquid fire burns you!
The bombardier beetle closely misses you.
You are too injured to fight recklessly!
You are too injured to fight recklessly!
You are too injured to fight recklessly!
You are too injured to fight recklessly!
You are too injured to fight recklessly!
You are too injured to fight recklessly!
You are too injured to fight recklessly!
You are too injured to fight recklessly!
You are too injured to fight recklessly!
You are too injured to fight recklessly!
You are too injured to fight recklessly!
You are too injured to fight recklessly!
You are too injured to fight recklessly!
You are too injured to fight recklessly!
You are too injured to fight recklessly!
Unknown command.
You closely miss the bombardier beetle.
The bombardier beetle is severely wounded.
The liquid fire burns you!
The bombardier beetle bites you but does no damage.
You closely miss the bombardier beetle.
The bombardier beetle is severely wounded.
The liquid fire burns you!
* * * LOW HITPOINT WARNING * * *
The bombardier beetle bites you but does no damage.
You hit the bombardier beetle but do no damage.
The bombardier beetle is severely wounded.
The liquid fire burns you!
* * * LOW HITPOINT WARNING * * *
The bombardier beetle completely misses you.
You hit the bombardier beetle but do no damage.
The bombardier beetle is severely wounded.
The liquid fire burns you!
You die...

...####.......##.#
.. ####.......# .
...........#
#####..##.##
##.#..#
#...#######.
####...##......
.......#.....#
.........@.#...#
........B### ...
.......#># #
.......#..
.......... {
..........
.......... ...


You could see a bombardier beetle.

Vanquished Creatures
  Terence (D:2)
  2 adders
  A dart slug (D:1)
  A ribbon worm (D:2)
  4 ball pythons
  4 bats
  3 endoplasms
  4 giant cockroaches
  3 hobgoblins (D:1)
  2 jackals (D:1)
  5 kobolds
  2 quokkas (D:1)
  A frilled lizard (D:1)
  5 goblins
  3 rats
41 creatures vanquished.

Notes
Turn   | Place    | Note
-------+----------+-------------------------------------------
     0 | D:1      | Descartes the Formicid Fighter began the quest for the Orb.
     0 | D:1      | Reached XP level 1. HP: 18/18 MP: 1/1
   207 | D:1      | Reached XP level 2. HP: 24/24 MP: 2/2
   282 | D:1      | Reached skill level 1 in Earth Magic
   379 | D:1      | Reached XP level 3. HP: 29/29 MP: 3/3
  1087 | D:2      | Found Binomief's Book Boutique.
  1302 | D:2      | Noticed Terence
  1314 | D:2      | Killed Terence
  1315 | D:2      | Reached XP level 4. HP: 18/37 MP: 4/4
  1784 | D:3      | Incinerated by a bombardier beetle

Illustrated notes

Levels and vault maps discovered:
D:1:      kilobyte_arrival_exit_the_forest, layout_loops_ring
D:2:      layout_loops_cross, serial_shops, nicolae_shop_pleasant_corner_grove,
          uniq_terence
D:3:      layout_rooms, minmay_goblin_outpost

Skill      XL: |  1  2 |
---------------+-------+-----
Earth Magic    | 1 |  1.9
Fighting       | |  3.9
Axes           | |  2.6
Armour         | |  3.8
Shields        | |  4.7

Action                     |  1- 3 |  4- 6 || total
---------------------------+-------+-------++-------
  Melee: War axe           |   105 |    28 ||   133
 Armour: Scale mail        |    72 |    13 ||    85
  Dodge: Dodged            |    54 |    14 ||    68
  Block: Buckler           |    24 |     6 ||    30
